 Dungeon Crawl Stone Soup version 0.20.0-3-g22ec75f (webtiles) character file.

4025 RKaid the Cleaver (level 10, -3/94 HPs)
             Began as a Minotaur Berserker on May 26, 2017.
             Was a High Priest of Trog.
             Slain by a two-headed ogre
             ... wielding a +0 giant club
              (23 damage)
             ... on level 8 of the Dungeon.
             The game lasted 00:08:00 (5202 turns).

RKaid the Cleaver (Minotaur Berserker)              Turns: 5202, Time: 00:08:01

Health: -3/94      AC: 11    Str: 25    XL:     10   Next: 4%
Magic:  9/9        EV:  9    Int:  9    God:    Trog [*****.]
Gold:   293        SH:  0    Dex: 10    Spells: 9/9 levels left

rFire    . . .     SeeInvis .   D - +2 hand axe (drain)
rCold    . . .     Gourm    .   (no shield)
rNeg     + . .     Faith    .   B - +0 chain mail
rPois    .         Spirit   .   (helmet restricted)
rElec    .         Reflect  .   (no cloak)
rCorr    .         Harm     .   p - +2 pair of gloves
MR       .....                  (no boots)
Stlth    ..........             (no amulet)
Regen    0.3/turn               (no ring)
MPRegen  0.2/turn               z - ring of positive energy {rN+}

@: brilliant, berserk cooldown
A: retaliatory headbutt, horns 2
a: Berserk, Trog's Hand, Brothers in Arms, Burn Spellbooks, Renounce Religion


You were on level 8 of the Dungeon.
You worshipped Trog.
Trog was extremely pleased with you.
You were not hungry.

You visited 1 branch of the dungeon, and saw 8 of its levels.

You collected 293 gold pieces.

Inventory:

Hand Weapons
 a - a +1 hand axe
 D - a +2 hand axe of draining (weapon)
   (You took it off an orc on level 7 of the Dungeon)
Armour
 j - a +0 ring mail
   (You found it on level 1 of the Dungeon)
 p - a +2 pair of gloves (worn)
   (You found it on level 1 of the Dungeon)
 B - a +0 chain mail (worn)
   (You found it on level 6 of the Dungeon)
Jewellery
 u - an uncursed ring of protection from magic {unknown}
   (You found it on level 8 of the Dungeon)
 z - a ring of positive energy (right hand) {rN+}
   (You found it on level 5 of the Dungeon)
 A - an uncursed ring of protection from fire {unknown}
   (You found it on level 6 of the Dungeon)
Wands
 C - a wand of paralysis (14/24)
   (You took it off an orc on level 6 of the Dungeon)
 E - a wand of flame (38/48)
   (You found it on level 7 of the Dungeon)
Scrolls
 g - a scroll of blinking {unknown}
 h - a scroll of recharging
 i - 8 scrolls of identify
 o - 3 scrolls of remove curse
 q - a scroll of random uselessness {unknown}
 r - a scroll of teleportation {unknown}
 s - a scroll of magic mapping {unknown}
 t - a scroll of amnesia
 v - 4 scrolls of enchant weapon
 y - a scroll of fog {unknown}
Potions
 b - a potion of degeneration {unknown}
 d - 3 potions of curing {unknown}
 e - a potion of haste {unknown}
 f - a potion of heal wounds {unknown}
 l - a potion of berserk rage {unknown}
 n - 4 potions of brilliance
 w - a potion of lignification {unknown}
 x - 2 potions of mutation {!q!q}
Comestibles
 c - 6 bread rations
 k - 14 chunks of flesh {!w}
 m - 3 fruits


   Skills:
 + Level 10.4 Fighting
 * Level 14.0 Axes
 - Level 2.4 Armour
 - Level 2.1 Dodging


You had 9 spell levels left.
You didn't know any spells.

Dungeon Overview and Level Annotations

Branches:
Dungeon (8/15)             Temple (0/1) D:4            Lair (0/6) D:8

Altars:
Cheibriados
Elyvilon
Gozag
Makhleb
Nemelex Xobeh
Okawaru
Qazlal
Sif Muna
Vehumet
Yredelemnul
The Shining One

Annotations:
D:6 2 transporters


Innate Abilities, Weirdness & Mutations

You reflexively headbutt those who attack you in melee.
You have a pair of horns on your head.


Message History

You hit the crimson imp. The crimson imp barely misses you.
You slash the crimson imp!
You kill the crimson imp!
Trog accepts your kill.
The crimson imp blinks!
You feel a strong urge to attack something.
The crimson imp misses you.
You closely miss the crimson imp. Your headbutt misses the crimson imp.
You hit the crimson imp but do no damage.
The shadow imp gestures at you. Pain shoots through your body!
You miss the crimson imp. Your headbutt misses the crimson imp.
The crimson imp blinks!
You are no longer berserk.
You are exhausted.
You feel yourself slow down. The shadow imp closely misses you.
You furiously retaliate!
You headbutt the shadow imp, but do no damage.
You hit the crimson imp but do no damage.
You hit the shadow imp. The crimson imp closely misses you.
The shadow imp closely misses you. You furiously retaliate!
You headbutt the shadow imp.
Your chain mail prevents you from hitting the shadow imp.
You closely miss the crimson imp.
The crimson imp hits you but does no damage.
You closely miss the shadow imp. You closely miss the crimson imp.
The shadow imp hits you but does no damage.
The crimson imp hits you but does no damage.
You hit the shadow imp. You hit the crimson imp.
The shadow imp hits you but does no damage.
An orc comes into view. It is wielding a club.
You hit the shadow imp.
You kill the shadow imp!
Trog accepts your kill.
You hit the crimson imp but do no damage.
The crimson imp blinks!
You hit the crimson imp but do no damage.
Your headbutt misses the crimson imp.
The sentinel's mark upon you fades away.
The crimson imp summons a swarm of flies.
The crimson imp hits you but does no damage.
You slash the crimson imp!
You kill the crimson imp!
Trog accepts your kill.
You slash the orc!
You kill the orc!
Trog accepts your kill.
No target in view!
No target in view!
No target in view!
You start resting.
A two-headed ogre comes into view. It is wielding two giant clubs.
A two-headed ogre is nearby!
A two-headed ogre is nearby!
A two-headed ogre is nearby!
The two-headed ogre hits you with a giant club!!
The two-headed ogre hits you with a giant club.
You see here a giant spiked club.
The two-headed ogre hits you with a giant club!
The two-headed ogre barely misses you.
Things that are here:
a whip; a robe
As you read the scroll labeled EQEOPOA CAILO, it crumbles to dust.
It is a scroll of amnesia.
You feel forgetful for a moment.
The two-headed ogre barely misses you. x2
As you read the scroll labeled LAELOEREMN, it crumbles to dust.
It is a scroll of recharging.
Charge which item? (? for menu, Esc to quit)
Really abort (and waste the scroll)? [Y]es or [N]o only, please.
Really abort (and waste the scroll)? [Y]es or [N]o only, please.
Really abort (and waste the scroll)? [Y]es or [N]o only, please.
Really abort (and waste the scroll)? [Y]es or [N]o only, please.
Really abort (and waste the scroll)? [Y]es or [N]o only, please.
Really abort (and waste the scroll)?
Charge which item? (? for menu, Esc to quit)
Your wand of paralysis (?/24) glows for a moment.
You feel yourself speed up. The two-headed ogre barely misses you.
The two-headed ogre closely misses you.
Evoke which item? (* to show all) (? for menu, Esc to quit)
Aiming: Paralyse (will waste charges)
Press: ? - help, Shift-Dir - straight line, f - two-headed ogre
Aim: a two-headed ogre, wielding two giant clubs (chance to defeat MR: 28%)
The two-headed ogre easily resists.
Evoking this partially-identified wand wasted a few charges.
The two-headed ogre hits you with a giant club!
* * * LOW HITPOINT WARNING * * *
The two-headed ogre hits you with a giant club.
* * * LOW HITPOINT WARNING * * *
Evoke which item? (* to show all) (? for menu, Esc to quit)
Okay, then.
Unknown command.
It was a potion of brilliance.
You feel clever all of a sudden.
The two-headed ogre hits you with a giant club!!
You die...

#.....##'##......#...#....#..
###.......#..##.######....#.. .
#.......#..##.##........#.. .
#.[.....#..#...#........#..
.######.......#..'...#....#+###..
..............########....#..#...
..........................#..#...
...............)..........'..#...
.....).........O@.........#..##..
....).†........)÷.........#####..
..))......)...#############..'...
..............# #.......#...
..............# #.......#...
....#####.)...##########.########
....# #..............#.########
....# #..............#.........
....# #..............#.........


You could see a two-headed ogre.

Vanquished Creatures
  A two-headed ogre (D:8)
  Psyche (D:8)
  A wyvern (D:8)
  2 hungry ghosts (D:8)
  Menkaure (D:7)
  An ice beast (D:8)
  An orc warrior (D:7)
  A sky beast (D:7)
  A black bear (D:7)
  3 ogres
  A centaur (D:8)
  A big kobold (D:8)
  4 bullfrogs
  A wyvern skeleton (D:6)
  2 scorpions
  3 wights (D:8)
  5 howler monkeys
  4 crimson imps
  2 centaur zombies (D:7)
  An orc priest (D:7)
  An orc wizard (D:7)
  A bullfrog skeleton (D:5)
  A gnoll shaman (D:8)
  8 hounds
  A centaur skeleton (D:7)
  An iguana (D:7)
  6 worker ants
  10 gnolls
  7 adders
  2 shadow imps
  2 oozes
  2 adder skeletons
  2 worms (D:4)
  A dart slug (D:6)
  6 leopard geckos
  19 orcs
  A ball python (D:3)
  6 giant cockroaches
  2 gnoll zombies (D:2)
  8 goblins
  6 hobgoblins
  16 jackals
  10 kobolds
  4 quokkas
  5 bats
  5 frilled lizards
  2 jackal skeletons
  A jackal zombie (D:6)
  A quokka zombie (D:6)
  8 rats
  2 rat zombies (D:5)
184 creatures vanquished.

Notes
Turn   | Place    | Note
-------+----------+-------------------------------------------
     0 | D:1      | RKaid the Minotaur Berserker began the quest for the Orb.
     0 | D:1      | Reached XP level 1. HP: 19/19 MP: 0/0
   172 | D:1      | Reached skill level 4 in Axes
   206 | D:1      | Reached XP level 2. HP: 23/27 MP: 1/1
   271 | D:1      | Reached skill level 4 in Fighting
   393 | D:1      | Reached XP level 3. HP: 33/33 MP: 2/2
   917 | D:2      | Reached skill level 5 in Axes
   983 | D:2      | Reached ** piety under Trog
  1095 | D:2      | Found a radiant altar of Vehumet.
  1137 | D:2      | Reached XP level 4. HP: 41/41 MP: 3/3
  1163 | D:2      | Found a basalt altar of Yredelemnul.
  1662 | D:4      | Reached skill level 5 in Fighting
  1662 | D:4      | Reached XP level 5. HP: 48/48 MP: 4/4
  1663 | D:4      | Reached skill level 6 in Axes
  1665 | D:4      | Reached *** piety under Trog
  1825 | D:4      | Found an opulent altar of Gozag.
  1867 | D:4      | Found a staircase to the Ecumenical Temple.
  2024 | D:4      | Reached skill level 7 in Axes
  2024 | D:4      | Reached XP level 6. HP: 49/56 MP: 5/5
  2037 | D:4      | Received a gift from Trog
  2234 | D:5      | Entered Level 5 of the Dungeon
  2368 | D:5      | Found an iron altar of Okawaru.
  2440 | D:5      | Reached skill level 6 in Fighting
  2726 | D:5      | Found a deep blue altar of Sif Muna.
  2769 | D:5      | Reached skill level 8 in Axes
  2884 | D:5      | Found a sand-covered staircase.
  3068 | D:6      | Found a white marble altar of Elyvilon.
  3091 | D:6      | Reached XP level 7. HP: 62/63 MP: 6/6
  3237 | D:6      | Found a snail-covered altar of Cheibriados.
  3243 | D:6      | Noticed a hippogriff
  3245 | D:6      | Noticed a green ugly thing
  3247 | D:6      | Found a snail-covered altar of Cheibriados.
  3459 | D:6      | Reached skill level 9 in Axes
  3531 | D:6      | Found a burning altar of Makhleb.
  3639 | D:7      | Reached skill level 7 in Fighting
  3647 | D:7      | Reached **** piety under Trog
  3727 | D:7      | Reached XP level 8. HP: 73/73 MP: 7/7
  3751 | D:7      | Found a stormy altar of Qazlal.
  3790 | D:7      | Reached skill level 10 in Axes
  3812 | D:7      | Found a sparkling altar of Nemelex Xobeh.
  4150 | D:7      | Noticed Menkaure
  4158 | D:7      | Killed Menkaure
  4158 | D:7      | Reached skill level 8 in Fighting
  4173 | D:7      | Reached skill level 11 in Axes
  4388 | D:7      | Found a glowing golden altar of the Shining One.
  4779 | D:8      | Found a staircase to the Lair.
  4835 | D:8      | Reached XP level 9. HP: 82/82 MP: 8/8
  4842 | D:8      | Noticed Psyche
  4845 | D:8      | Reached skill level 12 in Axes
  4849 | D:8      | Reached skill level 9 in Fighting
  4851 | D:8      | Killed Psyche
  4952 | D:8      | Reached skill level 13 in Axes
  5152 | D:8      | Noticed a two-headed ogre
  5156 | D:8      | Reached skill level 10 in Fighting
  5162 | D:8      | Killed a two-headed ogre
  5162 | D:8      | Reached ***** piety under Trog
  5162 | D:8      | Reached skill level 14 in Axes
  5162 | D:8      | Reached XP level 10. HP: 94/94 MP: 9/9
  5191 | D:8      | Noticed a two-headed ogre
  5201 | D:8      | HP: 20/94 [two-headed ogre/giant club (6)]
  5202 | D:8      | Slain by a two-headed ogre

Skill      XL: |  1  2  3  4  5  6  7  8  9 |
---------------+----------------------------+-----
Axes           | 4 5 7 8 9 11 14 | 14.0
Fighting       | 4 5 6 7 8 10 | 10.4
Armour         | |  2.4
Dodging        | |  2.1

Action                   |  1- 3 |  4- 6 |  7- 9 | 10-12 || total
-------------------------+-------+-------+-------+-------++-------
Melee: Hand axe          |    63 |   149 |   212 |    15 ||   439
       Headbutt          |    10 |    27 |    48 |       ||    85
Invok: Berserk           |     2 |     4 |     7 |       ||    13
       Burn Spellbooks   |       |       |     3 |       ||     3
Evoke: Wand              |       |       |       |     1 ||     1
  Use: Scroll            |       |     4 |       |     2 ||     6
       Potion            |       |       |       |     1 ||     1
  Eat: Chunk             |     3 |    10 |    12 |       ||    25
       Fruit             |       |       |     7 |       ||     7
       Royal jelly       |       |       |     1 |       ||     1
Armor: Ring mail         |    25 |    44 |    17 |       ||    86
       Chain mail        |       |       |    79 |     5 ||    84
Dodge: Dodged            |    43 |    70 |    81 |    11 ||   205

Table legend:
 A = Turns spent in this place as a percentage of turns spent in the entire game.
 B = Non-inter-level travel turns spent in this place as a percentage of non-inter-level travel turns spent in the entire game.
 C = Inter-level travel turns spent in this place as a percentage of turns spent in this place.
 D = Turns resting spent in this place as a percentage of non-inter-level travel turns spent in this place.
 E = Turns spent auto-exploring this place as a percentage of non-inter-level travel turns spent in this place.
 F = Non-inter-level travel turns spent in this place divided by the number of levels of this place that you've seen.
                   A       B       C       D       E      F
               +-------+-------+-------+-------+-------+----------------------
         Total | 100.0 | 100.0 |   0.5 |   2.0 |  10.7 | 200.2
       Dungeon | 100.0 | 100.0 |   0.5 |   2.0 |  10.7 | 200.2
               +-------+-------+-------+-------+-------+----------------------

Table legend:
 A = Kills in this place as a percentage of kills in entire the game.
 B = Kills by you in this place as a percentage of kills by you in the entire game.
 C = Kills by friends in this place as a percentage of kills by friends in the entire game.
 D = Other kills in this place as a percentage of other kills in the entire game.
 E = Experience gained in this place as a percentage of experience gained in the entire game.
 F = Experience gained in this place divided by the number of levels of this place that you have seen.
                   A       B       C       D       E      F
               +-------+-------+-------+-------+-------+----------------------
         Total | 100.0 | 100.0 |  -nan |  -nan | 100.0 | 718.9
       Dungeon | 100.0 | 100.0 |  -nan |  -nan | 100.0 | 718.9
               +-------+-------+-------+-------+-------+----------------------
